[Event "MCR rapid mládeže 2023 U16"]
[Site "Harachov, Czech Republic"]
[Date "2023.09.10"]
[Round "7.23"]
[White "Kusova, Nikola"]
[Black "Vancakova, Veronika"]
[Result "1-0"]
[TimeControl "20min+5s/move"]
[WhiteElo "1247"]
[BlackElo "1433"]

1. e4 d6 2. d4 Nf6 3. Nc3 g6 4. f4 Bg7 5. Nf3 O-O 6. Bd3 Nc6 7. O-O e5 8. fxe5 dxe5 9. d5 Ne7 10. Ne2 Nd7 11. c4 a5 12.
Be3 h6 13. Qd2 Kh7 14. Kh1 f5 15. g3 fxe4 16. Bxe4 Nf6 17. Bc2 Ng4 18. Rad1 Nxe3 19. Qxe3 Bf5 20. Bxf5 Nxf5 21. Qe4 Nd6 22.
Qc2 Nf5 23. Qe4 Qe7 24. Nc3 Nd6 25. Qe2 Rae8 26. Rde1 e4 27. c5 Bxc3 28. cxd6 Qxd6 29. bxc3 exf3 30. Qd2 Rxe1 31. Rxe1 f2 32. Rf1 Qf6 33. Qd3 Qf3+ 34.
Qxf3 Rxf3 35. c4 Rc3 36. Rxf2 Rxc4 37. Rd2 Kg7 38. Kg2 Kf6 39. Kf3 Ke5 40. Ke3 Re4+ 41. Kf3 Rd4 42. Rc2 Kd6 43. Rb2 b6 44. Re2 Rxd5 45.
Rc2 c5 46. Rb2 Kc6 47. Ke4 Rd6 48.
Ke5 Rd4 49. Rf2 Kb5 50. Rf6 1-0

[Event "MCR rapid mládeže 2023 U16"]
[Site "Harachov, Czech Republic"]
[Date "2023.09.10"]
[Round "7.24"]
[White "Nova, Anezka"]
[Black "Kratka, Tereza"]
[Result "0-1"]
[TimeControl "20min+5s/move"]
[WhiteElo "1382"]
[BlackElo "1147"]

1. e4 c5 2. Nf3 Nc6 3. c3 g6 4.
d4 cxd4 5. cxd4 Bg7 6. Nc3 Nf6 7. Be3 b6 8. d5 Nb4 9. a3 Na6 10. Bb5 Nc7 11. Bc4 O-O 12. O-O Bb7 13. Rc1 d6 14.
Qd3 Qd7 15. Ne2 e6 16. dxe6 Nxe6 17. Nd2 Ng4 18. Bd4 Nxd4 19. Nxd4 Nf6 20. f3 Qe7 21. Rfe1 Nd7 22. N2b3 Rfd8 23.
Rc2 Nc5 24. Qe2 Nxb3 25. Nxb3 a6 26. Qf2 b5 27. Bd5 Bxd5 28. exd5 Qb7 29. Rc6 Rac8 30. Rec1 Be5 31. Qc2 Rxc6 32. dxc6 Qb6+ 33. Kh1 Bf4 34. Rd1 Rc8 35. Nd4 Be5 36.
Qe4 Bxd4 37. Qxd4 Qxd4 38. Rxd4 Rxc6 39. Rd1 Rc2 40. Kg1 Rxb2 41. Rxd6 Rb3 42. Rxa6 b4 43. axb4 Rxb4 44. Kf2 Rb2+ 45.
Kg3 Kg7 46. Ra7 h5 47. Rc7 h4+ 0-1

[Event "MCR rapid mládeže 2023 U16"]
[Site "Harachov, Czech Republic"]
[Date "2023.09.10"]
[Round "7.25"]
[White "Jakubse, Tamae Severina"]
[Black "Janouskova, Eliska"]
[Result "1/2-1/2"]
[TimeControl "20min+5s/move"]
[WhiteElo "1223"]
[BlackElo "1333"]

1. e4 e5 2. Nc3 Nc6 3. Bc4 Nf6 4. d3 Bb4 5. Bg5 Na5 6. Bb3 Nxb3 7. axb3 O-O 8. Nge2 Re8 9. O-O c6 10.
Kh1 h6 11. Bh4 Be7 12. f4 Ng4 13. Bxe7 Rxe7 14. Rf3 d5 15. h3 d4 16. hxg4 dxc3 17. f5 cxb2 18. Rb1 f6 19. Rxb2 c5 20.
Qe1 Qe8 21. Qh4 b6 22. Ng3 Qf7 23. Nh5 1/2-1/2

[Event "MCR rapid mládeže 2023 U16"]
[Site "Harachov, Czech Republic"]
[Date "2023.09.10"]
[Round "7.26"]
[White "Barteckova, Nikol"]
[Black "Hujova, Tess"]
[Result "1-0"]
[TimeControl "20min+5s/move"]
[WhiteElo "1246"]
[BlackElo "1104"]

1. e4 e6 2. d4 b6 3. Nc3 Bb7 4. Nf3 Bb4 5. Bd3 Nf6 6. Qe2 d6 7. a3 Bxc3+ 8. bxc3 Nbd7 9. Bg5 O-O 10.
O-O c5 11. Rfe1 Qc7 12. Nd2 Rfe8 13. Qd1 Rac8 14. Bb5 Rf8 15. Rc1 a6 16. Bf1 Qc6 17. f3 cxd4 18. cxd4 Qc3 19.
Nb3 Qc7 20. Bd3 e5 21. c3 Qb8 22. Qe2 Qa7 23. Nd2 b5 24. Be3 Rc7 25. dxe5 Qa8 26. exf6 Nxf6 27. Bd4 Nd7 28. Nb3 Nc5 29. Nxc5 dxc5 30. Be3 c4 31.
Bc2 Rc6 32. Rcd1 Re6 33. Qf2 Rfe8 34. Bd4 f6 35. Re3 Qb8 36. Rde1 g6 37. Qg3 Qd8 38. Rd1 Qe7 39. Ra1 Rf8 40.
Qf2 Qf7 41. Re2 Rfe8 42. Rae1 Rd8 43. a4 Bc6 44. Ra1 Rde8 45. axb5 Bxb5 46. Ba4 Qd7 47. Rea2 Ra8 48. Bxb5 Qxb5 49.
Rb2 Qe8 50. Qe2 Rc6 51. Rab1 Qc8 52. Rb6 Rxb6 53. Rxb6 a5 54. Rb5 a4 55. Rc5 Qd8 56. Qxc4+ Kg7 57. Rc7+ Kh6 58. Be3+ g5 59.
Bd4 Kg6 60. Qf7+ Kh6 61. Qxh7# 1-0

[Event "MCR rapid mládeže 2023 U16"]
[Site "Harachov, Czech Republic"]
[Date "2023.09.10"]
[Round "7.27"]
[White "Lackova, Lucie"]
[Black "Mojzisova, Barbora"]
[Result "0-1"]
[TimeControl "20min+5s/move"]
[WhiteElo "1544"]
[BlackElo "1220"]

1. e4 e5 2. Nf3 Nc6 3. d4 exd4 4. Nxd4 Bc5 5. Be3 Qf6 6. c3 Nge7 7. Bc4 O-O 8. O-O Bb6 9. Kh1 d6 10. Nxc6 Nxc6 11. Bxb6 axb6 12. Nd2 Ne5 13. Be2 Be6 14.
a3 Rfe8 15. h3 Ng6 16. Nf3 Nf4 17. Kh2 Rad8 18. Qc1 Nxe2 19. Qd2 Qf4+ 20. Qxf4 Nxf4 21. Rad1 Bc4 22. Rg1 Be2 23. Rd2 Bxf3 24.
gxf3 c6 25. Rg4 0-1

[Event "MCR rapid mládeže 2023 U16"]
[Site "Harachov, Czech Republic"]
[Date "2023.09.10"]
[Round "7.28"]
[White "Stepankova, Linda"]
[Black "Kadlecova, Alena"]
[Result "1-0"]
[TimeControl "20min+5s/move"]
[WhiteElo "1124"]
[BlackElo "1020"]

1. e4 e5 2. Nf3 Nf6 3. Nxe5 Qe7 4. Nf3 Nxe4 5. Qe2 Nf6 6. Nc3 Nc6 7. d4 h6 8. Bf4 d6 9. Qxe7+ Bxe7 10.
Bb5 O-O 11. O-O-O a6 12. Bd3 b5 13. a3 Rb8 14. d5 Nd8 15. Rhe1 Re8 16. h3 Bd7 17. Nd4 Nb7 18. Bf5 Bc8 19.
Bxc8 Rbxc8 20. Nc6 Bf8 21. Kd2 Nc5 22. f3 Nfd7 23. Rxe8 Rxe8 24. Re1 Rxe1 25. Kxe1 g5 26. Bg3 Bg7 27.
Kd2 Bxc3+ 28. Kxc3 Na4+ 29. Kb3 Nac5+ 30. Ka2 Kg7 31. b3 f5 32. Kb2 f4 33. Bf2 Kf6 34. Bd4+ Kg6 35. Kc3 Nb6 36.
Bxc5 dxc5 37. Nb8 Nxd5+ 38. Kd3 a5 39. Nc6 Nb6 40. Nxa5 Kf5 41. c4 bxc4+ 42. bxc4 Ke5 43. Nc6+ Kd6 44.
Na5 Ke5 1-0

[Event "MCR rapid mládeže 2023 U16"]
[Site "Harachov, Czech Republic"]
[Date "2023.09.10"]
[Round "7.29"]
[White "Velim, Vojtech"]
[Black "Vo, Daniel"]
[Result "1-0"]
[TimeControl "20min+5s/move"]
[WhiteElo "1799"]
[BlackElo "1445"]

1. d4 d5 2. c4 dxc4 3. e4 e6 4. Bxc4 c5 5. Nf3 Nc6 6. d5 Na5 7. Bb5+ Bd7 8. Qa4 b6 9. Ne5 Nf6 10.
Bg5 Bxb5 11. Qxb5+ Ke7 12. Nc3 a6 13. Qa4 b5 14. Qxa5 Qxa5 15. Nc6+ Kd7 16. Nxa5 b4 17. Na4 Nxe4 18. Nb6+ Ke8 19. Nxa8 Nxg5 20.
O-O-O Ne4 21. Rhf1 Be7 22. f3 Bg5+ 23. Kc2 Nd6 24. dxe6 Nc8 25. Nc7+ Ke7 26. f4 Bf6 27. Nc6+ Kf8 28.
Rfe1 g6 29. exf7 Kxf7 30. Rd7+ Kf8 31. Re8# 1-0

[Event "MCR rapid mládeže 2023 U16"]
[Site "Harachov, Czech Republic"]
[Date "2023.09.10"]
[Round "7.30"]
[White "Gernert , Tomas"]
[Black "Fadrny, Jachym"]
[Result "1/2-1/2"]
[TimeControl "20min+5s/move"]
[WhiteElo "1236"]
[BlackElo "1347"]

1. c4 e5 2. Nc3 Nf6 3. g3 Bb4 4. Bg2 Nc6 5. e4 d6 6. Nge2 Bg4 7. h3 Be6 8. d3 Nd7 9. O-O O-O 10.
f4 f6 11. f5 Bf7 12. g4 Bc5+ 13. Kh2 Bd4 14. Nxd4 exd4 15. Ne2 Nc5 16. a3 a5 17. Bf4 Ne5 18. Bxe5 dxe5 19. b3 a4 20.
b4 Nb3 21. Rb1 Qe7 22. Nc1 b5 23. Nxb3 axb3 24. Qxb3 Ra7 25. Ra1 Rfa8 26. Rf2 c5 27. bxc5 Qxc5 28. Qxb5 Qxb5 29. cxb5 Rxa3 30.
Rxa3 Rxa3 31. Bf1 Rb3 32. Rc2 Rc3 33. Rb2 Rc8 34. b6 Rb8 35. Kg3 Kf8 36. h4 h6 37. g5 Ke7 38. Be2 Kd6 39.
Bd1 Kc5 40. b7 Kc6 41. Ba4+ Kc7 42. g6 Bg8 43. h5 Rxb7 44. Rxb7+ Kxb7 45. Kf2 Kb6 46. Be8 Bb3 47. Ke2 Kc5 48.
Kd2 Kb4 49. Bf7 Ba4 50. Be6 Ka3 51. Bf7 Kb2 52. Be6 Bb3 53. Bf7 Bc2 54. Bc4 Bb3 55. Bf7 Ka3 56. Be6 Kb4 57. Bf7 Ba4 1/2-1/2

[Event "MCR rapid mládeže 2023 U16"]
[Site "Harachov, Czech Republic"]
[Date "2023.09.10"]
[Round "7.31"]
[White "Mauric, Jan"]
[Black "Moravec, Rene"]
[Result "0-1"]
[TimeControl "20min+5s/move"]
[WhiteElo "1260"]
[BlackElo "1165"]

1. d4 Nf6 2. Bf4 d5 3. Nf3 c5 4. c3 Nc6 5. e3 Bg4 6. Bd3 e6 7. Nbd2 Be7 8. h3 Bh5 9. Qa4 O-O 10.
g4 Bg6 11. Bxg6 fxg6 12. Qc2 Bd6 13. Bxd6 Qxd6 14. dxc5 Qxc5 15. Nb3 Qb6 16. Rg1 Ne4 17. Qe2 Rf7 18. O-O-O Raf8 19. Nfd4 Rxf2 20.
Qe1 Nxd4 21. exd4 Qa6 22. Kb1 Re2 23. Qh4 Nxc3+ 24. Kc1 Nxa2+ 25. Kb1 Nc3+ 26. Kc1 Qa2 27. Rd2 Qb1# 0-1

[Event "MCR rapid mládeže 2023 U16"]
[Site "Harachov, Czech Republic"]
[Date "2023.09.10"]
[Round "7.32"]
[White "Bartak, Tobias"]
[Black "Zelenka, Tomas"]
[Result "0-1"]
[TimeControl "20min+5s/move"]
[WhiteElo "1259"]
[BlackElo "1457"]

1. e4 c5 2. Nf3 Nc6 3. Bb5 g6 4. d4 cxd4 5. Bxc6 dxc6 6. Nxd4 Bg7 7. Be3 Nf6 8. Nc3 Ng4 9. O-O O-O 10. h3 Nxe3 11. fxe3 c5 12.
Nb3 b6 13. Qf3 Bb7 14. Rad1 Qc7 15. Rd2 e6 16. Rfd1 Rad8 17. Rxd8 Rxd8 18. Rxd8+ Qxd8 19. Qf4 Ba6 20. e5 Bb7 21.
e4 c4 22. Nd2 Qd4+ 23. Kh1 Bxe5 24. Qg5 Bg7 25. Nb5 Qxb2 26. Qd8+ Bf8 27. Nd6 Qa1+ 28. Kh2 Qe5+ 29. g3 Qxd6 30.
Qg5 c3 31. Nc4 Qd4 32. Ne3 Qd2+ 33. Kg1 Bc5 34. Kf1 Ba6+ 35. Kg1 Bxe3+ 36. Kh1 Qe1+ 37. Kh2 Qg1# 0-1

[Event "MCR rapid mládeže 2023 U16"]
[Site "Harachov, Czech Republic"]
[Date "2023.09.10"]
[Round "7.33"]
[White "Vorlik, Jachym"]
[Black "Bucek, Vit"]
[Result "0-1"]
[TimeControl "20min+5s/move"]
[WhiteElo "1210"]
[BlackElo "1283"]

1. e4 c5 2. Nf3 Nc6 3. Nc3 g6 4. d4 cxd4 5. Nxd4 Bg7 6. Be3 d6 7. Bb5 Bd7 8. Qd2 Nf6 9. O-O-O a6 10.
Bxc6 bxc6 11. f3 Rb8 12. h4 c5 13. Nde2 Qb6 14. b3 a5 15. Bg5 a4 16. e5 axb3 17. cxb3 Ng8 18. exd6 exd6 19.
Qxd6 Qa7 20. Bf4 Ra8 21. Rhe1 Qa3+ 22. Kc2 Bf5+ 23. Kd2 Bxc3+ 24. Nxc3+ Be6 25. Qc6+ Kf8 26. Bd6+ Kg7 27. Be5+ Nf6 28.
Bxf6+ Kxf6 29. Kc2 Kg7 30. g4 Rhb8 31. Rb1 h5 32. Re4 Rc8 33. Qd6 Rd8 34.
Qe5+ Kg8 35. Qh2 Re8 36. Rb2 hxg4 37. fxg4 Rab8 38. Qe2 Bd7 39.
Qd3 Rxe4 40. Qxe4 Re8 41. Qc4 Be6 42. Qb5 Rd8 43. Qb6 Ra8 44. Qc6 Rd8 45. Qc7 Rc8 46. Qe5 Bxg4 47. Nb5 Qb4 48. Nd6 Rd8 49. Qf6 Bf5+ 50.
Nxf5 Qd2+ 0-1

[Event "MCR rapid mládeže 2023 U16"]
[Site "Harachov, Czech Republic"]
[Date "2023.09.10"]
[Round "7.34"]
[White "Strihavka, Petr"]
[Black "Trejbal, Jindrich"]
[Result "0-1"]
[TimeControl "20min+5s/move"]
[WhiteElo "1205"]
[BlackElo "1088"]

1. e4 e5 2. Nf3 Nf6 3. Nc3 Bb4 4. Bc4 O-O 5. O-O d6 6. h3 Bxc3 7. dxc3 Nxe4 8. Bd3 Nc5 9. Bc4 Be6 10.
Bxe6 fxe6 11. Bg5 Qe8 12. Re1 Nbd7 13. b4 Na4 14. Re4 Nxc3 15. Qd3 Nxe4 16. Qxe4 d5 17. Qg4 Nf6 18. Bxf6 Rxf6 19.
Nxe5 Rf5 20. Nf3 Qh5 21. Qg3 Qg6 22. Qxc7 Rxf3 23. Qxb7 Raf8 24. Rf1 R3f7 25. Qc6 Qh6 26. Qc3 Qf6 27.
Qg3 Qf4 28. Qa3 Qd4 29. Qg3 Qxb4 30. a3 Qb8 31. Qe3 Qb6 32. Qg3 Qb2 33. Qd3 d4 34. f3 Qc3 35. Qd1 Qe3+ 36. Kh1 e5 37.
Re1 Qf4 38. Re4 Qxe4 39. fxe4 Rf1+ 40. Qxf1 Rxf1+ 41. Kh2 Re1 42. c4 dxc3 43. g4 Rxe4 0-1

[Event "MCR rapid mládeže 2023 U16"]
[Site "Harachov, Czech Republic"]
[Date "2023.09.10"]
[Round "7.35"]
[White "Bukovskij, Dmitri"]
[Black "Zika, Miroslav"]
[Result "0-1"]
[TimeControl "20min+5s/move"]
[WhiteElo "1291"]
[BlackElo "1199"]

1. c4 e5 2. g3 Nf6 3. Bg2 Nc6 4. e3 Bc5 5. Ne2 d6 6. d4 exd4 7. exd4 Bb6 8. O-O O-O 9. Nbc3 Bg4 10.
Bg5 Rb8 11. h3 Bh5 12. g4 Bg6 13. Nd5 Re8 14. Bxf6 gxf6 15. Nxb6 axb6 16. Re1 Nb4 17. Rc1 Nd3 18. Rc3 Nxe1 19.
Qxe1 c6 20. Qd2 Re7 21. Nf4 Qe8 22. Nxg6 fxg6 23. Qf4 Rd8 24. Qxf6 Rf7 25. Qh4 Rdd7 26. Re3 Rde7 27. Rxe7 Qxe7 28.
Qg3 Qe1+ 29. Kh2 Qxf2 30. Qxd6 Qf4+ 31. Qxf4 Rxf4 32. d5 Rxc4 33. b3 Rc2 34. dxc6 bxc6 35. Kg3 c5 36. a4 Rc3+ 37. Kf4 Kg7 38.
Bd5 Rxh3 39. Ke5 h5 40. gxh5 Rxh5+ 41. Ke4 g5 42. Be6 Kf6 43. Bc8 Rh4+ 44. Kd5 Rb4 45. Kc6 g4 46. Bxg4 Rxb3 47.
Bd1 Rb4 48. a5 bxa5 49. Kxc5 Ke5 50. Bc2 Kf4 51. Bd3 Ke3 52. Bc4 Kd2 53. Bd5 Kc3 54. Be6 a4 55. Ba2 a3 56. Be6 Rb2 57.
Kd5 0-1

[Event "MCR rapid mládeže 2023 U16"]
[Site "Harachov, Czech Republic"]
[Date "2023.09.10"]
[Round "7.36"]
[White "Burel, Jan"]
[Black "Kozusnik, Jan"]
[Result "0-1"]
[TimeControl "20min+5s/move"]
[WhiteElo "1046"]
[BlackElo "1399"]

1. e4 d5 2. exd5 Nf6 3.
d4 Nxd5 4. c4 Nb6 5. Nc3 Bf5 6. Nf3 e6 7. Be2 Be7 8. Be3 O-O 9. O-O N8d7 10. Re1 Nf6 11. Rc1 c6 12. Qd2 Bb4 13.
a3 Ne4 14. Qd1 Nxc3 15. bxc3 Bxa3 16. Ra1 Be7 17. c5 Nd5 18. Bd2 Bf6 19. c4 Ne7 20. Be3 Ng6 21. Bd3 Bxd3 22. Qxd3 e5 23.
Rab1 b6 24. d5 cxd5 25. cxd5 bxc5 26. Bxc5 Re8 27. Qd2 e4 28. Nd4 Qxd5 29. Nb3 Qxd2 30. Nxd2 Bc3 31. Re2 Nf4 32. Rxe4 Bxd2 33.
Rxe8+ Rxe8 34. Be3 Bxe3 35. fxe3 Nd5 36. Ra1 Re7 37. Rd1 Nc7 38. Ra1 Nd5 39. Rd1 Nf6 40. Rd3 h6 41. h3 a5 42.
g4 a4 43. Ra3 Ra7 44. Kf2 Ne4+ 45. Kf3 Nd6 46. Kf4 Nb5 47. Ra2 a3 48. h4 Nc3 49. g5 Nxa2 50. g6 Nc3 51. gxf7+ Kxf7 52.
h5 a2 53. e4 a1=Q 54. e5 Qf1+ 55. Ke3 Qe2+ 56. Kd4 Qd2+ 57. Kc4 Rc7+ 58. Kb3 Ne4 59. e6+ Kxe6 60. Ka4 Qb2 0-1

[Event "MCR rapid mládeže 2023 U16"]
[Site "Harachov, Czech Republic"]
[Date "2023.09.10"]
[Round "7.38"]
[White "Tykalova, Barbora"]
[Black "Zadrapova, Gabriela"]
[Result "1-0"]
[TimeControl "20min+5s/move"]
[WhiteElo "1121"]
[BlackElo "1206"]

1. e4 e5 2. Nf3 Nc6 3. Bc4 Bc5 4. d3 Nf6 5. Bg5 O-O 6. Nc3 h6 7. Bh4 d6 8. Nd5 Kh8 9. Nxf6 gxf6 10.
Qd2 Kh7 11. O-O-O a6 12. c3 b5 13. Bd5 Bb7 14. Bxc6 Bxc6 15. Ne1 Rb8 16. Nc2 Rg8 17. g3 d5 18. f3 dxe4 19. fxe4 Qd6 20.
Ne3 Bxe3 21. Qxe3 b4 22. c4 b3 23. a3 Qd4 24. Qxd4 exd4 25. Bxf6 Kg6 26. Bxd4 Rge8 27. Rhf1 Rbd8 28.
Rf6+ Kh5 29. Be3 Bb7 30. h3 Rh8 31. Rxf7 c6 32. Rxb7 Rhg8 33. g4+ Kg6 34. Rxb3 Rdf8 35. Rb6 Rc8 36.
Rxa6 Rgf8 37. d4 Kh7 38. d5 cxd5 39. Rxh6+ Kg7 40. Rxd5 Rf3 41. Rd7+ Rf7 42. Rxf7+ Kxf7 43. g5 Rxc4+ 44. Kd2 Rxe4 45. g6+ Kg7 46. Bg5 Re6 47. Rh7+ Kxg6 48. Rh6+ Kf7 49. Rxe6 Kxe6 50. a4 1-0

[Event "MCR rapid mládeže 2023 U16"]
[Site "Harachov, Czech Republic"]
[Date "2023.09.10"]
[Round "7.40"]
[White "Najdkova, Laura"]
[Black "Vanickova, Natalie"]
[Result "1-0"]
[TimeControl "20min+5s/move"]
[WhiteElo "1331"]
[BlackElo "1162"]

1. e4 e6 2. Nc3 d5 3. exd5 exd5 4.
d4 Nf6 5. Bg5 Be7 6. Bd3 Nbd7 7. Nf3 c5 8. Bxf6 Bxf6 9. Qe2+ Be7 10. Nxd5 b6 11. Bb5 a6 12. Bc6 Rb8 13. Qe5 Bb7 14. Bxd7+ Qxd7 15. Qxb8+ Qc8 16.
Qxc8+ Bxc8 17. Nxe7 Kxe7 18. dxc5 bxc5 19. O-O-O Re8 20. Rhe1+ Be6 21. Ng5 Kf8 22. Nxe6+ fxe6 23. Rd6 Kf7 24.
Rxa6 Kf6 25. Rc6 c4 26. Rxc4 h6 27. b3 g5 28. f4 gxf4 29. Rxf4+ Kg5 30. Rfe4 Kf6 31. Rf1+ Ke7 32. Rh4 Kd6 33.
Rxh6 Kc6 34. Re1 Kd6 35. Kd2 Kd5 36. c4+ Kd6 37. Kc3 Kd7 38. a4 Kd6 39. Kd4 Kd7 40. Kc5 e5 41. Kd5 e4 42.
Rxe4 Rxe4 43. Kxe4 Kc7 44. Kd5 Kb7 45. Kc5 Ka7 46. Kb5 Kb7 47. Rh7+ Kc8 48. Kb6 Kb8 49. Rh8# 1-0

[Event "MCR rapid mládeže 2023 U16"]
[Site "Harachov, Czech Republic"]
[Date "2023.09.10"]
[Round "7.41"]
[White "Sengrova, Zofie"]
[Black "Zidkova, Agnes"]
[Result "0-1"]
[TimeControl "20min+5s/move"]
[WhiteElo "1124"]
[BlackElo "1045"]

1. e4 e6 2. Nf3 d5 3. exd5 exd5 4.
Nc3 Nf6 5. d4 Be7 6. Bb5+ c6 7. Bd3 O-O 8. O-O Bg4 9. Bg5 Re8 10. h3 Bh5 11. Bxf6 Bxf6 12. Be2 Nd7 13. Ne1 Bxe2 14.
Nxe2 Qe7 15. Nf4 Qe4 16. Qd2 Qxd4 17. Qxd4 Bxd4 18. Nf3 Bxb2 19. Rab1 Be5 20. Nxe5 Rxe5 21. Rfe1 Rae8 22. Rxe5 Nxe5 23.
Re1 f6 24. Nd3 Kf7 25. f4 Nxd3 26. Rxe8 Kxe8 27. cxd3 Ke7 28. g4 Kd6 29. g5 f5 30. h4 c5 31. h5 c4 32. dxc4 dxc4 33.
Kf1 Kd5 34. Ke2 Kd4 35. Kd2 b5 36. a3 a5 37. g6 hxg6 38. hxg6 c3+ 39. Kc2 b4 40. axb4 axb4 41. Kb3 Kd3 42.
Kxb4 c2 43. Kc5 c1=Q+ 44. Kd5 Qc4+ 45. Ke5 Qe4+ 46. Kd6 Qxf4+ 47. Ke6 Qh6 48. Kxf5 Kd4 49. Ke6 Qxg6+ 50. Ke7 Ke5 51. Kd7 Qd6+ 52.
Kc8 Qe7 53. Kb8 Kd6 54. Kc8 Qc7# 0-1

[Event "MCR rapid mládeže 2023 U16"]
[Site "Harachov, Czech Republic"]
[Date "2023.09.10"]
[Round "8.1"]
[White "Juhanak, Daniel"]
[Black "Novotny, Dominik"]
[Result "1/2-1/2"]
[TimeControl "20min+5s/move"]
[WhiteElo "1878"]
[BlackElo "1707"]

1. c4 Nf6 2. Nc3 c5 3. Nf3 Nc6 4.
e3 e6 5.
d4 d5 6.
a3 dxc4 7. Bxc4 b6 8. O-O Bb7 9. dxc5 Qxd1 10. Rxd1 Bxc5 11. b4 Be7 12. Bb2 O-O 13. Rac1 Rfd8 14. Kf1 Kf8 15. Ke2 Rxd1 16.
Rxd1 Rd8 17. Rc1 Ke8 18. h3 h6 19. Ke1 Kf8 20. Be2 Ke8 21. g4 g5 22. Nb5 Nd5 23. Ne5 Nxe5 24. Bxe5 a6 25.
Nd4 Rc8 26. Rxc8+ Bxc8 27. Bf3 Bb7 28. Kd2 f6 29. Bg3 Kd7 30. Be4 Bd6 31. Bxd6 Kxd6 32. Bf3 b5 33. Bg2 Ba8 34. Nb3 Nb6 35. Bxa8 Nxa8 36. Nc5 Nc7 37. Kc3 a5 38. Nb7+ Kd5 39. Nxa5 Ke4 40. Kd2 Kf3 41. Ke1 Kg2 42. Nc6 Kxh3 43.
f3 f5 44. Ne5 fxg4 45. fxg4 Nd5 46. Ke2 Nf6 47. Kf3 h5 48.
gxh5 Nxh5 49. Ng4 Ng7 50. e4 1/2-1/2

[Event "MCR rapid mládeže 2023 U16"]
[Site "Harachov, Czech Republic"]
[Date "2023.09.10"]
[Round "8.2"]
[White "Popov, Roman"]
[Black "Roubal, Matyas"]
[Result "1/2-1/2"]
[TimeControl "20min+5s/move"]
[WhiteElo "1751"]
[BlackElo "1911"]

1. d4 d5 2. c4 e6 3. Nc3 c5 4. cxd5 exd5 5. Nf3 Nc6 6. e3 Nf6 7. Be2 cxd4 8. Nxd4 Bc5 9. O-O O-O 10.
Bf3 Ne5 11. a3 Nxf3+ 12. Nxf3 a6 13. b4 Ba7 14. Bb2 Be6 15. Nd4 Qd7 16. Qd2 Ne4 17. Qd3 Nxc3 18. Bxc3 Bxd4 19. Qxd4 f6 20.
Rfd1 Qc6 21. Rac1 Qc4 22. Bb2 Qxd4 23. Rxd4 Rac8 24. Rxc8 Rxc8 25. Rd2 Kf7 26. Kf1 Ke7 27. Ke1 Rc4 28.
Kd1 Kd6 29. Rd4 b5 30. Rxc4 dxc4 31. Kd2 Kd5 32. Bc3 Ke4 33. f3+ Kd5 34. e4+ Kd6 35. Ke3 Bd7 1/2-1/2

[Event "MCR rapid mládeže 2023 U16"]
[Site "Harachov, Czech Republic"]
[Date "2023.09.10"]
[Round "8.3"]
[White "Setina, Vaclav"]
[Black "Andrle, Filip"]
[Result "1/2-1/2"]
[TimeControl "20min+5s/move"]
[WhiteElo "1876"]
[BlackElo "1649"]

1. e4 c5 2. Nf3 Nc6 3. c3 d5 4. exd5 Qxd5 5. d4 Bg4 6. Be2 cxd4 7. cxd4 e6 8. h3 Bh5 9. O-O Nf6 10. Nc3 Qa5 11. Be3 Be7 12.
a3 O-O 13. Qb3 Qb6 14. Qxb6 axb6 15. d5 Nxd5 16. Nxd5 exd5 17. Rad1 Bf6 18. Rxd5 Bxf3 19. Bxf3 Bxb2 20. Rb5 1/2-1/2

[Event "MCR rapid mládeže 2023 U16"]
[Site "Harachov, Czech Republic"]
[Date "2023.09.10"]
[Round "8.4"]
[White "Sotek, Simon"]
[Black "Jasso, Matej"]
[Result "0-1"]
[TimeControl "20min+5s/move"]
[WhiteElo "1526"]
[BlackElo "1794"]

1. e4 c5 2. Nf3 d6 3. d4 cxd4 4. Nxd4 Nf6 5. Nc3 a6 6. g3 b5 7. Bg2 Bb7 8. a3 Qc7 9. O-O g6 10.
Be3 Bg7 11. f4 Nbd7 12. Re1 O-O 13. Bf2 Rac8 14. g4 e5 15. fxe5 Nxe5 16. Bh3 Nc4 17. g5 Nd7 18. Bxd7 Qxd7 19.
b3 Ne5 20. Nd5 Bxd5 21. exd5 Ng4 22. Qd2 Nxf2 23. Qxf2 Qg4+ 0-1

[Event "MCR rapid mládeže 2023 U16"]
[Site "Harachov, Czech Republic"]
[Date "2023.09.10"]
[Round "8.5"]
[White "Vana, Jan"]
[Black "Martirosyan, David"]
[Result "1/2-1/2"]
[TimeControl "20min+5s/move"]
[WhiteElo "1681"]
[BlackElo "1861"]

1. e4 e5 2. Nf3 Nf6 3. Nxe5 d6 4. Nf3 Nxe4 5. Qe2 Qe7 6. d3 Nf6 7. Qxe7+ Bxe7 8. d4 d5 9. Bd3 O-O 10.
O-O c6 11. Ne5 Nbd7 12. Bf4 Nxe5 13. Bxe5 Rd8 14. Nd2 Be6 15. Rfe1 Bd6 16. Nf3 Bxe5 17. Nxe5 Nd7 18. Nxd7 Rxd7 19.
Re2 Re7 20. Rae1 Rae8 21. f4 Kf8 22. Kf2 Bg4 23. Rxe7 Rxe7 24. Rxe7 Kxe7 25. Be2 Bf5 26. c3 f6 27. Ke3 h6 28.
Bd3 Bg4 29. Be2 Be6 30. Bd3 Bg4 31.
Be2 Bf5 32. Bd3 Bxd3 33. Kxd3 Ke6 34. Ke3 g5 35. fxg5 fxg5 36. g4 Kf6 37. Kd3 Ke6 38. b4 Kd6 39. a4 a6 40. a5 Ke6 41.
Ke3 Kf6 42. Kf3 Kg6 43. h3 h5 44. Ke3 h4 45. Kd3 Kf6 46. c4 Ke6 47. c5 Kf6 48. Kc2 Ke6 49. Kd1 Kf6 50. Ke2 Ke7 51. Kf2 Kd7 52. Kg1 Kc7 53. Kh1 Kd7 54. Kg2 Ke6 55. Kf2 Kf6 56. Ke2 Ke6 57. Kd2 Kf6 58.
Kc1 Ke6 59. Kb1 Kf6 60. Ka1 Ke6 61. Kb2 Kf6 62.
Kb3 Ke6 63. Ka4 Kf6 64. Ka3 Ke6 65. Kb2 Kf6 66. Kc3 Ke6 67. Kd3 Kf6 68. Ke3 Ke6 1/2-1/2

[Event "MCR rapid mládeže 2023 U16"]
[Site "Harachov, Czech Republic"]
[Date "2023.09.10"]
[Round "8.6"]
[White "Hrbek, Jachym"]
[Black "Babula, Matej"]
[Result "1/2-1/2"]
[TimeControl "20min+5s/move"]
[WhiteElo "1769"]
[BlackElo "1865"]

1. e4 c5 2. b4 cxb4 3. a3 d5
4. exd5 Qxd5 5. Nf3 e5 6.
c4 Qe6 7. Bd3 Nf6 8. O-O Bd6 9. Re1 O-O 10. Bf1 Qg4 11. Qb3 Nc6 12. Bb2 bxa3 13. Nxa3 e4 14. Nd4 Nxd4 15. Bxd4 Qh5 16.
h3 Qg6 17. Nb5 Bf4 18. Be3 Bxe3 19. Rxe3 Bd7 20. Nc7 Rab8 21. Rxa7 Bc6 22. Nd5 Bxd5 23. cxd5 b6 24. Bc4 b5 25. Bxb5 Qf5 26. Qc4 Qxd5 27.
Qxd5 Nxd5 28. Rb3 g6 29. Bc4 Rxb3 30.
Bxb3 Nf4 31. Kh2 1/2-1/2

[Event "MCR rapid mládeže 2023 U16"]
[Site "Harachov, Czech Republic"]
[Date "2023.09.10"]
[Round "8.7"]
[White "Krajicek, Matej"]
[Black "Svadlenka, Dominik"]
[Result "0-1"]
[TimeControl "20min+5s/move"]
[WhiteElo "1565"]
[BlackElo "1588"]

1. e4 c6 2. d4 d5 3. e5 c5 4. Bb5+ Nc6 5. dxc5 Bf5 6. Nc3 e6 7. Be3 Qc7 8. Bxc6+ bxc6 9. Nf3 Rb8 10.
Rb1 Bg4 11. h3 Bxf3 12. Qxf3 Ne7 13. Bd4 Nf5 14. Qd3 Qa5 15. O-O Nxd4 16. Qxd4 Bxc5 17. Qg4 O-O 18. Rfd1 Bb4 19. Ne2 Qxa2 20.
Nf4 Bc3 21. Ra1 Qxb2 22. Rxa7 Bxe5 23. Nxe6 fxe6 24. Qxe6+ Kh8 25. Re1 Qd4 26. Qxe5 Qxf2+ 27. Kh2 Qxa7 28. Qg3 Rbe8 29. Rb1 Qf7 30.
Rg1 Qf4 0-1

[Event "MCR rapid mládeže 2023 U16"]
[Site "Harachov, Czech Republic"]
[Date "2023.09.10"]
[Round "8.8"]
[White "Topencik, Bruno"]
[Black "Striz, Tadeas"]
[Result "1-0"]
[TimeControl "20min+5s/move"]
[WhiteElo "1451"]
[BlackElo "1454"]

1. e4 c5 2. Be2 Nc6 3. f4 g6 4.
Nf3 Bg7 5. c3 Qb6 6. d3 e6 7. O-O Nge7 8. Na3 d5 9. Kh1 O-O 10. Qe1 Qd8 11. Qh4 f6 12. Nc2 d4 13. c4 a6 14.
a4 Qb6 15. Qe1 Bd7 16. a5 Qc7 17. Bd2 Rfb8 18. b4 b6 19. axb6 Qxb6 20. Qf2 e5 21. fxe5 fxe5 22. Qh4 Rf8 23.
Bh6 Bf6 24. Bg5 Bxg5 25. Nxg5 h5 26.
Bxh5 Be8 27. Bg4 1-0